Description

**

Two Base Archon / Immortal Timing

**

Best way to ascend to Diamond League, works against all races.

Attack hits at 7:00

Build Order

Get SALT Encoding   

  17  0:40  Assimilator  
  20  1:40  Nexus  
  21  1:50  Assimilator  
  22  1:55  Pylon  
  28  2:20  Robotics Facility, Shield Battery  
  41  3:15  Pylon  
  49  3:40  Twilight Council, Forge  
  51  4:00  Action  Natural Saturated
  60  4:20  Pylon  
  60  4:30  Gateway x7, Templar Archives  
  62  5:10  Warp Prism  
  88  6:15  Action  Attack Moves Out
  110  7:00  Action  Attack Lands
Spawning Tool Build Advisor. Get it on Overwolf

Go to:

Details

  • Created by: Atlas
  • Published on: Nov 10, 2025
  • Modified on: Nov 10, 2025
  • Patch: 5.0.11
  • Difficulty: Medium
Show
View Real Time Build Order
Export as new Build Order

Comments (1)

On Nov. 14, 2025, 12:07 a.m., sc2ool  said:

?????????????????????????????????????????????????????????
Incomplete build. How was this even posted?

Create an account to comment!